 Dungeon Crawl Stone Soup version 0.20-a0-893-g832831a (webtiles) character file.

2172 nikopol the Thaumaturge (level 9, -28/45 HPs)
             Began as a Deep Elf Fire Elementalist on Mar 16, 2017.
             Annihilated by a white ugly thing (30 damage)
             ... on level 6 of the Dungeon.
             The game lasted 00:37:35 (8173 turns).

nikopol the Thaumaturge (DEFE)                      Turns: 8173, Time: 00:37:36

Health: -28/45     AC:  7    Str:  5    XL:     9   Next: 11%
Magic:  5/23       EV: 15    Int: 27    God:
Gold:   115        SH:  0    Dex: 15    Spells: 14/25 levels left

rFire    . . .     SeeInvis .   a - +0 dagger "Zuhunken" {pierce, rPois} (curse)
rCold    . . .     Gourm    .   y - +1 robe {rN+}
rNeg     + . .     Faith    .   (no shield)
rPois    +         Spirit   .   f - +0 helmet
rElec    .         Reflect  .   s - +2 cloak
rCorr    .         Harm     .   (no gloves)
MR       .....                  (no boots)
Stlth    ++........             (no amulet)
Regen    0.2/turn               (no ring)
MPRegen  0.2/turn               i - +3 ring of intelligence

@: no status effects
A: no striking features
a: no special abilities


You were on level 6 of the Dungeon.
You were not hungry.

You visited 1 branch of the dungeon, and saw 7 of its levels.

You collected 238 gold pieces.
You spent 123 gold pieces at shops.

Inventory:

Hand Weapons
 a - the cursed +0 dagger "Zuhunken" (weapon) {pierce, rPois}
   (You bought it in a shop on level 5 of the Dungeon)

   It inflicts extra damage upon your enemies.
   It protects you from poison.
   It has a curse placed upon it.
Armour
 f - a +0 helmet (worn)
 s - a +2 cloak (worn)
 y - a +1 robe of positive energy (worn)
 B - a +0 cloak of poison resistance
Jewellery
 i - a +3 ring of intelligence (left hand)
 x - an uncursed ring of ice
 G - an uncursed ring of flight {unknown}
Wands
 k - a wand of enslavement (5/24)
 E - a wand of paralysis (11/24)
 F - a wand of lightning (4/15)
Scrolls
 h - 8 scrolls of identify
 j - 3 scrolls of blinking {unknown}
 n - 2 scrolls of enchant weapon {unknown}
 o - 3 scrolls of remove curse
 p - a scroll of fear {unknown}
 r - 4 scrolls of immolation {unknown}
 t - a scroll of fog {unknown}
 w - a scroll of teleportation {unknown}
 D - a scroll of amnesia {unknown}
Potions
 e - 3 potions of heal wounds
 g - a potion of lignification
 l - 4 potions of curing
 m - 3 potions of haste
 q - a potion of might
 u - a potion of magic
 A - a potion of flight
 C - a potion of resistance
Books
 b - a book of Flames

   Spells                             Type                      Level
   a - Flame Tongue                   Conjuration/Fire             1
   b - Throw Flame                    Conjuration/Fire             2
   c - Conjure Flame                  Conjuration/Fire             3
   d - Inner Flame                    Hexes/Fire                   3
   e - Sticky Flame                   Conjuration/Fire             4
   f - Fireball                       Conjuration/Fire             5
Comestibles
 c - 6 bread rations
 d - 5 meat rations
 v - 3 royal jellies
 z - 5 fruits
 H - 2 chunks of flesh


   Skills:
 + Level 5.8 Dodging
 - Level 3.2 Stealth
 * Level 8.7 Spellcasting
 * Level 6.9 Conjurations
 * Level 7.8 Fire Magic
 + Level 1.0 Evocations


You had 14 spell levels left.
You knew the following spells:

 Your Spells              Type           Power        Failure   Level  Hunger
a - Flame Tongue          Conj/Fire      #####        1%          1    None
b - Throw Flame           Conj/Fire      ######       1%          2    None
c - Conjure Flame         Conj/Fire      ######..     1%          3    None
d - Fireball              Conj/Fire      ######....   8%          5    ####...


Dungeon Overview and Level Annotations

Branches:
Dungeon (7/15)
 Temple: D:4-7

Altars:
Gozag
Sif Muna

Shops:
D:5 (%**


Message History

Casting: Flame Tongue
Confirm with . or Enter, or press ? or * to list all spells.
Aiming: Flame Tongue
Press: ? - help, Shift-Dir - straight line, f/p - white ugly thing
Aim: a white ugly thing (heavily wounded)
The flame tongue misses the white ugly thing.
The white ugly thing claws you! The white ugly thing freezes you!
The white ugly thing claws you but does no damage.
You climb upwards.
There is a stone staircase leading down here.
Evoke which item? (* to show all) (? for menu, Esc to quit)
Aiming: Paralyse
Press: ? - help, Shift-Dir - straight line, f - white ugly thing
Aim: a white ugly thing (heavily wounded, chance to defeat MR: 31%)
The white ugly thing easily resists.
This wand has 11 charges left.
The white ugly thing claws you!
* * * LOW HITPOINT WARNING * * *
The white ugly thing freezes you!!
Ouch! That really hurt!
You die...

# #..####### ###........#
##### ##.........#
####...#
....#......#####....#.#
#.#..............###..#
....[.......###### #.##
###.#......## #.#
###.........## #####.#
.#..#........###@....####
.#..#......#.#..u###....#
........................#
.....########..####.....#
...### #....##(#####
...## ###.##....#
##..#######........##
..............###.##
..............#...#


You could see a white ugly thing.

Vanquished Creatures
  A hungry ghost (D:7)
  The ghost of George the Sneak, an amateur SpAs (D:4)
  3 sky beasts
  An ice beast (D:5)
  2 orc warriors
  A necrophage (D:7)
  An ogre (D:6)
  A phantom (D:4)
  2 big kobolds
  A scorpion (D:4)
  5 killer bees (D:4)
  A gnoll shaman (D:7)
  Crazy Yiuf (D:5)
  2 orc priests (D:3)
  A centaur skeleton (D:4)
  3 hounds
  3 orc wizards
  2 iguanas
  3 worker ants
  A howler monkey skeleton (D:6)
  11 adders
  4 gnolls (D:7)
  An adder skeleton (D:5)
  3 worms
  4 dart slugs
  31 orcs
  11 bats
  4 giant cockroaches
  9 goblins
  10 hobgoblins
  6 jackals
  A quokka (D:7)
  5 ball pythons
  3 frilled lizards
  17 kobolds
  A leopard gecko skeleton (D:7)
  A leopard gecko zombie (D:6)
  5 rats
163 creatures vanquished.

Vanquished Creatures (collateral kills)
  A gnoll (D:7)
1 creature vanquished.

Grand Total: 164 creatures vanquished

Notes
Turn   | Place    | Note
-------+----------+-------------------------------------------
     0 | D:1      | nikopol the Deep Elf Fire Elementalist began the quest for the Orb.
     0 | D:1      | Reached XP level 1. HP: 10/10 MP: 6/6
   316 | D:1      | Reached XP level 2. HP: 15/15 MP: 5/8
  1093 | D:2      | Reached XP level 3. HP: 19/19 MP: 6/10
  2041 | D:3      | Learned a level 2 spell: Throw Flame
  2045 | D:3      | Learned a level 3 spell: Conjure Flame
  2075 | D:3      | Reached skill level 4 in Spellcasting
  2268 | D:3      | Reached XP level 4. HP: 24/24 MP: 4/12
  3165 | D:3      | Reached XP level 5. HP: 28/28 MP: 9/13
  3898 | D:4      | Reached skill level 5 in Spellcasting
  3898 | D:4      | Reached XP level 6. HP: 27/32 MP: 9/15
  3983 | D:4      | Learned a level 5 spell: Fireball
  4583 | D:4      | Noticed George's ghost (amateur SpAs)
  4590 | D:4      | Killed George's ghost
  4590 | D:4      | Reached skill level 5 in Fire Magic
  4590 | D:4      | Reached XP level 7. HP: 36/36 MP: 7/17
  4708 | D:4      | Reached skill level 6 in Spellcasting
  5262 | D:5      | Entered Level 5 of the Dungeon
  5286 | D:5      | Found Miegef's Assorted Antiques.
  5601 | D:5      | Reached skill level 5 in Conjurations
  5690 | D:5      | Found Rantipp's Food Boutique.
  5718 | D:5      | Reached skill level 7 in Spellcasting
  5846 | D:5      | Reached XP level 8. HP: 41/41 MP: 16/20
  5873 | D:5      | Found an opulent altar of Gozag.
  5875 | D:5      | Found a deep blue altar of Sif Muna.
  5925 | D:5      | Found Feenecsa's Weapon Emporium.
  5931 | D:5      | Bought the cursed +0 dagger "Zuhunken" {pierce, rPois} for 123 gold pieces
  5984 | D:5      | Found a runed door.
  5988 | D:5      | Noticed Crazy Yiuf
  5998 | D:5      | Killed Crazy Yiuf
  6270 | D:5      | Found Homoonocs's Assorted Antiques.
  6447 | D:6      | Reached skill level 5 in Dodging
  7180 | D:7      | Noticed a white ugly thing
  7358 | D:7      | Reached skill level 8 in Spellcasting
  7765 | D:7      | Reached XP level 9. HP: 45/45 MP: 13/23
  7897 | D:7      | Reached skill level 1 in Evocations
  8173 | D:6      | HP: 2/45 [white ugly thing (14)]
  8173 | D:6      | Annihilated by a white ugly thing

Vault maps used:
D:1:      shiori_arrival_maze, serial_bayou_lagoon_a
D:2:      minmay_wonky_spiral
D:3:      minmay_misc_feat_nine_boxes, minmay_close_crescents
D:5:      chequers_temple_overflow_statue_of_worship, first_bread, serial_shops,
          nicolae_shop_crystal, nicolae_shop_competitors_out_of_business,
          nicolae_shop_crystal, shop, uniq_crazy_yiuf_cottage
D:7:      minmay_temple_entry_enclosed_plants

Skill      XL: |  1  2  3  4  5  6  7  8  9 |
---------------+----------------------------+-----
Stealth        | 3 |  3.2
Dodging        | 3 4 5 |  5.8
Spellcasting   | 4 5 7 8 |  8.7
Conjurations   | 3 4 5 6 |  6.9
Fire Magic     | 4 5 6 7 |  7.8
Evocations     | 1 |  1.0

Action                   |  1- 3 |  4- 6 |  7- 9 || total
-------------------------+-------+-------+-------++-------
 Cast: Flame Tongue      |    86 |   126 |   162 ||   374
       Conjure Flame     |     1 |     3 |    10 ||    14
       Throw Flame       |       |     7 |    23 ||    30
       Fireball          |       |       |    13 ||    13
Evoke: Wand              |       |       |     3 ||     3
  Use: Potion            |     1 |     1 |       ||     2
       Scroll            |       |     7 |     5 ||    12
  Eat: Chunk             |     4 |     7 |    12 ||    23
       Fruit             |       |       |     2 ||     2
Armor: Robe              |     5 |     7 |    14 ||    26
Dodge: Dodged            |    21 |    28 |    40 ||    89
